 Dungeon Crawl Stone Soup version 0.17.1-1-g73c8601 (console) character file.

864 Kloppie the Insei (level 7, -17/61 HPs)
             Began as a Green Draconian Transmuter on Dec 20, 2015.
             Demolished by an ogre
             ... wielding a +0 giant spiked club
              (28 damage)
             ... on level 5 of the Dungeon.
             The game lasted 00:09:59 (6029 turns).

Kloppie the Insei (Green Draconian Transmuter)      Turns: 6029, Time: 00:09:59

Health: -17/61     AC:  8    Str: 12    XL:     7   Next: 72%
Magic:  19/19      EV: 12    Int: 13    God:
Gold:   240        SH:  0    Dex: 14    Spells: 2 memorised, 6 levels left

rFire  . . .     SeeInvis .       - Unarmed
rCold  . . .     Clarity  .     (armour unavailable)
rNeg   . . .     SustAt   .     (no shield)
rPois  +         Gourm    .     (helmet restricted)
rElec  .         Spirit   .     w - +1 cloak
rCorr  .         Warding  .     (no gloves)
rMut   .         Stasis   .     (boots currently unavailable)
MR     .....                    (no amulet)
Stlth  ++........               C - ring of magical power
                                t - ring of stealth

@: appendage, not resistant to hostile enchantments, unstealthy
A: breathe noxious fumes, unfitting armour, talons 3, poison resistance,
cold-blooded, AC +6
a: Breathe Noxious Fumes, End Transformation


You were on level 5 of the Dungeon.
You were not hungry.
You had grown temporary talons.
You visited 1 branch of the dungeon, and saw 5 of its levels.

You collected 240 gold pieces.

Inventory:

Missiles
 a - 45 arrows
 s - 13 poisoned arrows
Armour
 w - a +1 cloak (worn)
Jewellery
 t - a ring of stealth (left hand)
 C - a ring of magical power (right hand)
 D - an uncursed amulet of rage
Scrolls
 d - a scroll of immolation {unknown}
 e - 4 scrolls of identify {unknown}
 h - a scroll of random uselessness {unknown}
 j - a scroll of blinking {unknown}
 l - a scroll of fog {unknown}
 m - 2 scrolls of teleportation {unknown}
 n - 2 scrolls of enchant weapon {unknown}
 p - a scroll of recharging {unknown}
 x - a scroll of vulnerability {unknown}
 y - 2 scrolls of amnesia {unknown}
 B - a scroll of enchant armour {unknown}
 F - a scroll of remove curse {unknown}
Potions
 g - 2 potions of curing {unknown}
 i - a potion of mutation {unknown}
 k - 2 potions of haste {unknown}
 q - 2 potions of invisibility {unknown}
 r - a potion of lignification {unknown}
 u - a potion of flight {unknown}
 z - a potion of ambrosia {unknown}
Books
 b - a book of Changes

   Spells                             Type                      Level
   a - Beastly Appendage              Transmutation                1
   b - Sticks to Snakes               Transmutation                2
   c - Spider Form                    Transmutation/Poison         3
   d - Ice Form                       Ice/Transmutation            4
   e - Blade Hands                    Transmutation                5
 A - a book of Party Tricks

   Spells                             Type                      Level
   a - Summon Butterflies             Summoning                    1
   b - Apportation                    Translocation                1
   c - Tukima's Dance                 Hexes                        3
   d - Alistair's Intoxication        Transmutation/Poison         4
   e - Invisibility                   Hexes                        6
Miscellaneous
 E - a lantern of shadows
Comestibles
 c - 4 bread rations
 f - 3 slices of pizza
 o - 3 fruits
 v - 2 meat rations
 G - 3 chunks of flesh


   Skills:
 + Level 5.5 Fighting
 - Level 1.7 Dodging
 + Level 6.0 Unarmed Combat
 - Level 2.0 Spellcasting
 + Level 5.2 Transmutations


You had 6 spell levels left.
You knew the following spells:

 Your Spells              Type           Power        Failure   Level  Hunger
a - Beastly Appendage     Trmt           ###...       3%          1    ##.....
b - Spider Form           Trmt/Pois      #.........   28%         3    ####...


Dungeon Overview and Level Annotations

Branches:
Dungeon (5/15)
 Temple: D:4-7

Altars:
Sif Muna
Vehumet
The Shining One

Annotations:
D:4 srt19170's ghost, novice MiBe


Innate Abilities, Weirdness & Mutations

You can breathe blasts of noxious fumes.
Your lurid green scales are hard (AC +6).
Your body does not fit into most forms of armour.
Your system is resistant to poisons.
You are cold-blooded and may be slowed by cold attacks.
You have claws for feet.


Message History

You punch the ogre!
Your tail-slap misses the ogre.
The ogre is heavily wounded.
You barely miss the ogre.
The ogre is heavily wounded.
The ogre misses you.
You hit the ogre. Your kick misses the ogre.
The ogre is heavily wounded.
The ogre hits you with a giant spiked club!
* * * LOW HITPOINT WARNING * * *
You hit the ogre but do no damage. Your kick misses the ogre.
The ogre is heavily wounded.
You hit the ogre but do no damage.
The ogre is heavily wounded.
The ogre misses you.
You hit the ogre. Your kick misses the ogre.
The ogre is severely wounded.
You hit the ogre but do no damage. You claw the ogre, but do no damage.
The ogre is severely wounded.
The ogre hits you with a giant spiked club!!
You die...

......####.....######.8.#..#..#..
......####.........##...'..#..#..
........#.......##.#########..###
................##....#####...#
......###.......#####.......###
........#.#.....# #####.######
......#.........# #..........#
...#.###.##.....#####..........#
).##........#...@O))(......>...#
####)..........######..........#
##............. #..........#
#...........## ############
#.#.........# ##.#........##
...#......### .#...#....#
..........#


You could see an ogre.

Vanquished Creatures
  A sky beast (D:5)
  4 ogres (D:5)
  A scorpion (D:5)
  An orc priest (D:5)
  2 orc wizards (D:5)
  2 hounds (D:5)
  An iguana (D:5)
  2 worker ants (D:5)
  2 worker ant zombies (D:5)
  7 adders
  2 adder skeletons (D:5)
  2 worms
  3 giant geckos (D:3)
  8 orcs
  2 ball pythons (D:3)
  4 hobgoblins
  4 jackals
  5 kobolds
  3 quokkas
  10 bats
  5 giant cockroaches
  4 giant newts
  9 goblins
  9 rats
93 creatures vanquished.

Notes
Turn   | Place    | Note
--------------------------------------------------------------
     0 | D:1      | Kloppie the Draconian Transmuter began the quest for the Orb.
     0 | D:1      | Reached XP level 1. HP: 16/16 MP: 3/3
   443 | D:1      | Found a glowing golden altar of the Shining One.
   803 | D:1      | Reached XP level 2. HP: 24/24 MP: 5/5
  1154 | D:2      | Reached XP level 3. HP: 13/29 MP: 6/6
  1870 | D:2      | Found a radiant altar of Vehumet.
  2544 | D:3      | Reached XP level 4. HP: 24/37 MP: 7/7
  3068 | D:3      | Learned a level 3 spell: Spider Form
  3222 | D:3      | Reached skill level 4 in Unarmed Combat
  3482 | D:3      | Found a deep blue altar of Sif Muna.
  3888 | D:4      | Noticed an ogre
  3928 | D:4      | Noticed srt19170's ghost (novice MiBe)
  3992 | D:5      | Entered Level 5 of the Dungeon
  3992 | D:5      | Noticed an ogre
  4161 | D:4      | Noticed a sky beast
  4239 | D:5      | Noticed an ogre
  4264 | D:5      | Killed an ogre
  4264 | D:5      | Reached XP level 5. HP: 24/46 MP: 6/8
  4720 | D:5      | Killed an ogre
  4720 | D:5      | Reached XP level 6. HP: 12/52 MP: 9/9
  4798 | D:5      | Noticed an ogre
  4862 | D:5      | Killed an ogre
  4862 | D:5      | Reached skill level 5 in Unarmed Combat
  5280 | D:5      | Your scales start taking on a lurid green colour.
  5280 | D:5      | Gained mutation: Your system is resistant to poisons. [Green Draconian growth]
  5280 | D:5      | Reached XP level 7. HP: 56/60 MP: 10/10
  5324 | D:5      | Noticed a sky beast
  5345 | D:5      | Killed a sky beast
  5345 | D:5      | Reached skill level 5 in Fighting
  5404 | D:5      | Noticed an ogre
  5440 | D:5      | Killed an ogre
  5440 | D:5      | Reached skill level 5 in Transmutations
  5986 | D:5      | Reached skill level 6 in Unarmed Combat
  6029 | D:5      | Demolished by an ogre

Action                   |  1- 3 |  4- 6 |  7- 9 || total
-------------------------+-------+-------+-------++-------
Melee: Unarmed           |   123 |   226 |    81 ||   430
 Cast: Beastly Appendage |       |     6 |     7 ||    13
 Stab: Sleeping          |     1 |     1 |       ||     2
  Eat: Chunk             |     5 |     7 |     3 ||    15
       Beef jerky        |       |     1 |       ||     1
